 Dungeon Crawl Stone Soup version 0.31-a0-819-gf6de2f5ab6 (webtiles) character file.

Game seed: 14403143468921337249

161 qw the Shooter (level 5, -1/32 HPs)
             Began as a Gargoyle Hunter on Sept 23, 2023.
             Slain by a gnoll
             ... wielding a +0 spear
              (7 damage)
             ... on level 4 of the Dungeon.
             The game lasted 00:00:56 (2993 turns).

qw the Shooter (Gargoyle Hunter)                    Turns: 2993, Time: 00:00:56

Health: -1/32      AC: 11    Str: 14    XL:     5   Next: 42%
Magic:  5/5        EV: 10    Int: 10    God:
Gold:   147        SH:  0    Dex: 15    Spells: 4/4 levels left

rFire   . . .        Y - +0 shortbow
rCold   . . .        (shield currently unavailable)
rNeg    + . .        f - +0 ring mail
rPois   inf          (no helmet)
rElec   +            m - +0 cloak
rCorr   .            (no gloves)
SInv    .            c - +0 pair of boots
Will    .....        (no amulet)
Stlth   +            (no ring)
HPRegen 0.25/turn    (no ring)
MPRegen 0.09/turn

%: no passive effects
@: no status effects
A: sickness immunity, AC +4, negative energy resistance 1, electricity
resistance, torment resistance 1, petrification resistance
a: no special abilities


You were on level 4 of the Dungeon.
You visited 1 branch of the dungeon, and saw 4 of its levels.

You collected 147 gold pieces.


Innate Abilities, Weirdness & Mutations

You are immune to sickness and miasma.
Your stone body is resilient. (AC +4)
You are immune to poison.
You resist negative energy. (rN+)
You are resistant to electric shocks. (rElec)
You are resistant to unholy torment.
You are immune to petrification.


   Skills:
 + Level 3.3 Fighting
 - Level 6.0 Ranged Weapons
 - Level 1.0 Armour
 - Level 1.5 Dodging
 - Level 1.1 Stealth


You had 4 spell levels left.
You didn't know any spells.
Your spell library was empty.

Inventory:

Hand Weapons
 Y - a +0 shortbow (weapon)
Armour
 c - a +0 pair of boots (worn)
 f - a +0 ring mail (worn)
 m - a +0 cloak (worn)
Scrolls
 a - a scroll of identify
Potions
 d - a potion of curing {unknown}
 e - a potion of haste {unknown}
 h - a potion of degeneration {unknown}
 i - a potion of enlightenment {unknown}
 k - a potion of ambrosia {unknown}
 l - a potion of resistance {unknown}

Dungeon Overview and Level Annotations

Branches:
Dungeon (4/15)
 Temple: D:4-7

Altars:

Annotations:
D:2 1 runed translucent door, Crazy Yiuf
D:3 exclusion: 4 orcs


Message History

The gnoll hits you but does no damage. The gnoll hits you with a +0 club.
You shoot an arrow. The arrow closely misses the gnoll.
The gnoll hits you but does no damage. The gnoll hits you with a +0 club.
You shoot an arrow. The arrow hits the gnoll.
The gnoll is almost dead.
The gnoll closely misses you. The gnoll hits you but does no damage.
You shoot an arrow.
The arrow hits the gnoll but does no damage.
The gnoll is almost dead.
The gnoll hits you but does no damage. The gnoll hits you with a +0 whip.
The gnoll hits you with a +0 club.
The gnoll hits you from afar with a +0 spear.
The gnoll hits you with a +0 whip. The gnoll hits you with a +0 club.
You shoot an arrow. The arrow closely misses the gnoll.
The gnoll hits you with a +0 whip. The gnoll closely misses you.
The gnoll barely misses you.
You shoot an arrow. The arrow barely misses the gnoll.
The gnoll misses you.
The gnoll hits you but does no damage. x2
You shoot an arrow. The arrow hits the gnoll.
You kill the gnoll!
The gnoll hits you from afar with a +0 spear.
The gnoll hits you but does no damage.
The ball python bites you but does no damage.
The ball python closely misses you.
You shoot an arrow. The arrow hits the gnoll.
The gnoll is heavily wounded.
The gnoll hits you but does no damage. The gnoll barely misses you.
The ball python barely misses you. The ball python grabs you.
The ball python constricts you.
You shoot an arrow. The arrow hits the ball python.
You kill the ball python!
The gnoll hits you but does no damage. The gnoll closely misses you.
The gnoll misses you. The gnoll barely misses you.
You shoot an arrow. The arrow hits the gnoll.
The gnoll is severely wounded.
The gnoll hits you with a +0 club. The gnoll barely misses you.
You shoot an arrow. The arrow hits the gnoll.
You kill the gnoll!
The gnoll hits you from afar with a +0 spear!
You die...

# #.. ...#
#######..#
#...<.g.#
.....##@##.#
...
#)).....# #
####...?.
.... ... ..
.


You could see a gnoll.

Vanquished Creatures
  Natasha (thrice) (D:2)
  An adder (D:2)
  3 gnolls
  A worm (D:2)
  2 dart slugs
  An orc (D:3)
  5 bats
  4 endoplasms
  A giant cockroach (D:1)
  7 goblins
  4 hobgoblins
  3 quokkas
  7 ball pythons
  2 frilled lizards
  5 kobolds
  4 rats
53 creatures vanquished.

Notes
Turn   | Place    | Note
-------+----------+-------------------------------------------
     0 | D:1      | qw the Gargoyle Hunter began the quest for the Orb.
     0 | D:1      | Reached XP level 1. HP: 12/12 MP: 1/1
     0 | D:1      | 0 ||| qw: Version: 0.3-a-83-gcd0e7d8
     0 | D:1      | 0 ||| qw: Game counter: 1564
     0 | D:1      | 0 ||| qw: Melee chars always use a shield: true
     0 | D:1      | 0 ||| qw: God list: Okawaru
     0 | D:1      | 0 ||| qw: Allow faded altars: false
     0 | D:1      | 0 ||| qw: Do Orc after clearing Dungeon:15 true
     0 | D:1      | 0 ||| qw: Do second Lair branch before Depths: true
     0 | D:1      | 0 ||| qw: Lair rune preference: random
     0 | D:1      | 0 ||| qw: Goals: Normal
     0 | D:1      | 0 ||| PLANNING D:1-11
   123 | D:1      | Reached XP level 2. HP: 17/17 MP: 2/2
   575 | D:1      | Reached XP level 3. HP: 21/21 MP: 3/3
   794 | D:1      | 794 ||| UPGRADING to +0 ring mail.
   804 | D:1      | 804 ||| DROPPING +0 leather armour.
   805 | D:1      | 805 ||| DROPPING amulet of magic regeneration.
   806 | D:1      | 806 ||| READING 2 scrolls labelled EMEUXUIMAU.
   807 | D:1      | 807 ||| READING scroll labelled CIRARR HIESCH.
   808 | D:1      | 808 ||| DRINKING 2 viscous red potions.
   809 | D:1      | 809 ||| DROPPING scroll of butterflies.
   979 | D:2      | Reached skill level 1 in Armour
   995 | D:2      | Reached skill level 5 in Ranged Weapons
  1023 | D:2      | Noticed Natasha
  1035 | D:2      | Killed Natasha
  1036 | D:2      | Reached skill level 3 in Fighting
  1036 | D:2      | Reached XP level 4. HP: 13/28 MP: 4/4
  1049 | D:2      | HP: 7/28 [quokka (2)]
  1050 | D:2      | 1050 ||| DRINKING potion of heal wounds.
  1192 | D:2      | Found a runed translucent door.
  1193 | D:2      | Noticed Crazy Yiuf
  1292 | D:2      | Noticed Natasha
  1301 | D:2      | Killed Natasha
  1664 | D:2      | Noticed Natasha
  1674 | D:2      | Killed Natasha
  1675 | D:2      | Reached XP level 5. HP: 31/32 MP: 5/5
  1853 | D:2      | 1853 ||| UPGRADING to +0 pair of boots.
  1858 | D:2      | 1858 ||| READING scroll labelled EGRI ECHAYBB.
  1859 | D:2      | 1859 ||| READING scroll labelled ZIPETI PUWUTZ.
  1860 | D:2      | 1860 ||| READING scroll labelled BACUGO PICEL.
  1861 | D:2      | 1861 ||| READING scroll labelled QINUME RAFI.
  2448 | D:3      | 2448 ||| UPGRADING to +0 cloak.
  2453 | D:3      | 2453 ||| READING scroll labelled COHOTZ NULIQECZO.
  2554 | D:3      | 2554 ||| READING scroll labelled QIUHOA IMNOMP.
  2558 | D:3      | 2558 ||| DRINKING 2 viscous silvery potions.
  2559 | D:3      | 2559 ||| DROPPING potion of brilliance.
  2796 | D:3      | Reached skill level 6 in Ranged Weapons
  2989 | D:4      | HP: 6/32 [gnoll/+0 spear (4)]
  2993 | D:4      | Slain by a gnoll

Levels and vault maps discovered:
D:1:      matt_arrival_los_fun, layout_basic, nicolae_grassy_gnolls
D:2:      layout_loops_cross, minmay_unequal, uniq_natasha,
          uniq_crazy_yiuf_cottage
D:3:      layout_basic, chequers_big_river, dk_noncrumbling_4,
          corexii_leaking_fountain, nicolae_eternal_life
D:4:      layout_basic, grunt_temple_overflow_open,
          gammafunk_temple_overflow_elements, nicolae_letterblocks
          [nicolae_letter_subblock, nicolae_letter_subblock,
          nicolae_letter_subblock, nicolae_letter_subblock,
          nicolae_letter_subblock, nicolae_letter_subblock,
          nicolae_letter_subblock, nicolae_letter_subblock,
          nicolae_letter_subblock, nicolae_letter_subblock,
          nicolae_letter_subblock, nicolae_letter_subblock,
          nicolae_letter_subblock, nicolae_letter_subblock,
          nicolae_letter_subblock, nicolae_letter_subblock,
          nicolae_letter_subblock, nicolae_letter_subblock,
          nicolae_letter_subblock, nicolae_letter_subblock,
          nicolae_letter_subblock, nicolae_letter_subblock,
          nicolae_letter_subblock, nicolae_letter_subblock,
          nicolae_letter_subblock], uniq_duvessa, uniq_menkaure, uniq_grinder

Skill      XL: |  1  2  3  4  5 |
---------------+----------------+-----
Armour         | 1 |  1.0
Ranged Weapons | 5 6 |  6.0
Fighting       | 3 |  3.3
Dodging        | |  1.5
Stealth        | |  1.1

Action                     |  1- 3 |  4- 6 || total
---------------------------+-------+-------++-------
   Fire: Shortbow          |    84 |   124 ||   208
    Use: Scroll            |     2 |     6 ||     8
         Potion            |     1 |     2 ||     3
 Armour: Leather armour    |    11 |       ||    11
         Ring mail         |    22 |    62 ||    84
  Dodge: Dodged            |    38 |    54 ||    92

Table legend:
 A = Non-vault XP
 B = Vault XP
 C = Vault XP percentage of total XP
 D = Non-vault monster count
 E = Vault monster count
 F = Vault count percentage of total count
                 A         B        C        D         E       F
            +---------+---------+-------+---------+---------+-------
      Total |     189 |      57 |  23.2 |      47 |       6 |  11.3
            +---------+---------+-------+---------+---------+-------
        D:1 |      23 |      13 |  36.1 |      14 |       1 |   6.7
        D:2 |     110 |      44 |  28.6 |      17 |       5 |  22.7
        D:3 |      25 |       0 |   0.0 |      13 |       0 |   0.0
        D:4 |      31 |       0 |   0.0 |       3 |       0 |   0.0
            +---------+---------+-------+---------+---------+-------
